 Seeded DCSS version 0.31-a0-538-gbc85326fa9 (webtiles) character file.

Game seed: 3826825538972431165 (custom seed)

1079 innerfire43 the Ruffian (level 8, -1/60 HPs)
             Began as a Gnoll Shapeshifter on Aug 13, 2023.
             Was an Initiate of Qazlal.
             Slain by a quokka (3 damage)
             ... summoned by Eustachio
             ... on level 4 of the Dungeon.
             The game lasted 00:04:52 (2429 turns).

innerfire43 the Ruffian (Gnoll Shapeshifter)        Turns: 2429, Time: 00:04:52

Health: -1/60      AC:  8    Str: 20    XL:     8   Next: 29%
Magic:  12/12      EV: 10    Int:  8    God:    Qazlal [......]
Gold:   150        SH:  0    Dex: 13    Spells: 13/13 levels left

rFire   + .          .
                       - Unarmed
rCold   + . .        (shield currently unavailable)
rNeg    . . .        g - +1 leather armour
rPois   .            (no helmet)
rElec   .            e - +2 cloak "Qeps" {rF+ rCorr Dex+2}
rCorr   +            (no gloves)
SInv    +            (no boots)
Will    .....        (no amulet)
Stlth   +            o - ring of see invisible
HPRegen 0.30/turn    (no ring)
MPRegen 0.13/turn

%: no passive effects
@: flux-form, hasted, glowing, constricted, very quick
A: glow, contaminating, fangs 1, strong nose, distributed training, cold
resistance 1, shaggy fur 1, strong 1
a: Begin Untransformation, Renounce Religion


You were on level 4 of the Dungeon.
You worshipped Qazlal.
Qazlal was noncommittal.
You were something dangerously unstable.
You visited 1 branch of the dungeon, and saw 4 of its levels.
You also visited: Ossuary.

You collected 150 gold pieces.

Inventory:

Armour
 a - a +0 animal skin
 e - the +2 cloak "Qeps" (worn) {rF+ rCorr Dex+2}
   (You acquired it on level 1 of the Dungeon)

   Dex+2:     It affects your dexterity (+2).
   rF+:       It protects you from fire.
   rCorr:     It protects you from acid and corrosion.
 g - a +1 leather armour (worn)
Jewellery
 o - a ring of see invisible (left hand)
Talismans
 c - a beast talisman
 d - a flux talisman (active)
Scrolls
 f - a scroll of vulnerability
 h - a scroll of teleportation {unknown}
 i - a scroll of brand weapon
 l - 5 scrolls of noise
Potions
 b - a potion of lignification
 m - a potion of enlightenment {unknown}
 p - a potion of invisibility
 r - 2 potions of might {unknown}
 s - 3 potions of brilliance {unknown}


   Skills:
 + Level 4.1 Fighting
 + Level 3.2 Short Blades
 + Level 3.2 Long Blades
 + Level 3.2 Axes
 + Level 3.2 Maces & Flails
 + Level 3.2 Polearms
 + Level 3.2 Staves
 + Level 3.2 Ranged Weapons
 + Level 3.2 Throwing
 + Level 3.2 Armour
 + Level 5.6 Dodging
 + Level 3.2 Stealth
 + Level 3.2 Shields
 + Level 7.3 Unarmed Combat
 + Level 3.2 Spellcasting
 + Level 2.6 Conjurations
 + Level 2.6 Hexes
 + Level 2.6 Summonings
 + Level 2.6 Necromancy
 + Level 2.6 Translocations
 + Level 2.6 Transmutations
 + Level 2.6 Fire Magic
 + Level 2.6 Ice Magic
 + Level 2.6 Air Magic
 + Level 2.6 Earth Magic
 + Level 2.6 Poison Magic
 + Level 3.5 Invocations
 + Level 3.2 Evocations
 + Level 7.1 Shapeshifting


You had 13 spell levels left.
You didn't know any spells.
Your spell library contained the following spells:

 Spells                   Type           Power      Damage    Failure   Level
 Necrotise                Necr           20%        1d5       12%         1
 Vampiric Draining        Necr           5%         2d6       36%         3
 Agony                    Necr           5%         N/A       98%         5


Dungeon Overview and Level Annotations

Branches:
Dungeon (4/15)             Temple (0/1) D:4         Ossuary (visited)

Altars:
Qazlal

Annotations:
D:4 Eustachio


Innate Abilities, Weirdness & Mutations

You are something dangerously unstable.
You glow with magical radiation, making you easy to see and hit.
Foes you strike become dangerously contaminated with magical radiation.
You are incapable of wielding weapons or throwing items.
You have very sharp teeth.
Your uncanny sense of smell can sniff out nearby items.
Your experience applies equally to all skills.
Your flesh is cold resistant. (rC+)
You are covered in fur. (AC +1)
Your muscles are strong. (Str +4, Int/Dex -1)


Message History

The ball python bites you.
* * * LOW HITPOINT WARNING * * *
The ball python constricts you.
It was a potion of mutation.
You feel extremely strange. Fur sprouts all over your body.
You feel resistant to cold.
You feel stronger. The adder bites you.
* * * LOW HITPOINT WARNING * * *
The goblin hits you but does no damage.
The iguana bites you but does no damage.
The ball python bites you but does no damage.
The ball python constricts you.
Okay, then.
You barely miss Eustachio.
Eustachio is almost dead.
The adder bites you but does no damage. The rat bites you but does no damage.
The orc hits you but does no damage. The goblin hits you but does no damage.
The iguana bites you but does no damage.
The ball python bites you but does no damage.
The ball python constricts you.
It was a potion of cancellation.
Your magical effects are unravelling.
You feel magically purged.
You feel less wooden.
The +2 cloak "Qeps" {rF+ rCorr Dex+2} unmelds from your body.
Your +1 leather armour unmelds from your body.
You turn into something dangerously unstable.
You flicker back into view.
The adder barely misses you. The quokka barely misses you.
The rat closely misses you.
The ball python bites you but does no damage.
The ball python constricts you. The orc hits you with a +0 short sword.
* * * LOW HITPOINT WARNING * * *
The iguana bites you.
* * * LOW HITPOINT WARNING * * *
The goblin hits you but does no damage. The adder barely misses you.
The shadow imp hits you.
* * * LOW HITPOINT WARNING * * *
Unknown command.
It was a potion of haste.
You feel yourself speed up. The quokka bites you.
You die...

# ##........ ###.
##..!.....#.# ...
#............ #..
#..........#.## #.#
#..........#..# ##.#
#..5@......#..# #..#
#..5rr.....##.# ##.##
#.SBo....###.###..##
##.gSl...............
#..........#.....####
#..............######
#...........#........
#..........##........
#..........##........
##.........##........
##........##.......r


You could see Eustachio (contam, misshapen), an iguana, an adder, a white imp
(summoned), a shadow imp (summoned), an orc, a quokka (summoned), a goblin, a
ball python and a rat (summoned).

Vanquished Creatures
  Pikel (D:4)
  Grinder (D:4)
  A centaur (D:4)
  A lemure (D:4)
  2 human zombies (Ossuary)
  A jelly (D:4)
  An orc priest (D:3)
  An iguana (D:4)
  Jessica (D:2)
  6 mummies
  4 gnolls (D:3)
  An adder (D:3)
  A worm (D:3)
  A dart slug (D:1)
  5 orcs (D:3)
  3 bats (D:1)
  6 endoplasms
  4 giant cockroaches
  4 goblins
  3 hobgoblins
  4 kobolds
  A quokka (D:3)
  5 ball pythons
  4 frilled lizards
  A goblin zombie (Ossuary)
  3 kobold zombies (Ossuary)
  2 orc zombies (Ossuary)
  6 rats
74 creatures vanquished.

Notes
Turn   | Place    | Note
-------+----------+-------------------------------------------
     0 | D:1      | innerfire43 the Gnoll Shapeshifter began the quest for the
                  | Orb.
     0 | D:1      | Reached XP level 1. HP: 17/17 MP: 1/1
     5 | D:1      | Identified a scroll of acquirement
     5 | D:1      | Acquired the +2 cloak "Qeps" {rF+ rCorr Dex+2}
   146 | D:1      | Reached XP level 2. HP: 23/23 MP: 2/2
   482 | D:1      | Reached XP level 3. HP: 25/28 MP: 3/3
   697 | D:2      | Noticed Jessica
   698 | D:2      | Killed Jessica
   699 | D:2      | Reached skill level 1 in Short Blades
   699 | D:2      | Reached skill level 1 in Long Blades
   699 | D:2      | Reached skill level 1 in Axes
   699 | D:2      | Reached skill level 1 in Maces & Flails
   699 | D:2      | Reached skill level 1 in Polearms
   699 | D:2      | Reached skill level 1 in Staves
   699 | D:2      | Reached skill level 1 in Ranged Weapons
   699 | D:2      | Reached skill level 1 in Throwing
   699 | D:2      | Reached skill level 1 in Armour
   699 | D:2      | Reached skill level 1 in Stealth
   699 | D:2      | Reached skill level 1 in Shields
   699 | D:2      | Reached skill level 1 in Spellcasting
   699 | D:2      | Reached skill level 1 in Invocations
   699 | D:2      | Reached skill level 1 in Evocations
   778 | D:2      | You fall into a shaft and drop 1 floor!
   795 | D:3      | Reached XP level 4. HP: 24/34 MP: 5/5
   812 | D:3      | Reached skill level 1 in Conjurations
   812 | D:3      | Reached skill level 1 in Hexes
   812 | D:3      | Reached skill level 1 in Summonings
   812 | D:3      | Reached skill level 1 in Necromancy
   812 | D:3      | Reached skill level 1 in Translocations
   812 | D:3      | Reached skill level 1 in Transmutations
   812 | D:3      | Reached skill level 1 in Fire Magic
   812 | D:3      | Reached skill level 1 in Ice Magic
   812 | D:3      | Reached skill level 1 in Air Magic
   812 | D:3      | Reached skill level 1 in Earth Magic
   812 | D:3      | Reached skill level 1 in Poison Magic
  1237 | D:3      | Reached XP level 5. HP: 34/40 MP: 5/7
  1542 | D:4      | Noticed a centaur
  1548 | D:4      | Killed a centaur
  1549 | D:4      | Reached XP level 6. HP: 30/47 MP: 8/8
  1556 | D:4      | Noticed Grinder
  1557 | D:4      | Paralysed by Grinder for 3 turns
  1560 | D:4      | Found a sand-covered staircase.
  1583 | D:4      | Killed Grinder
  1584 | D:4      | Reached skill level 5 in Dodging
  1584 | D:4      | Reached XP level 7. HP: 7/52 MP: 8/10
  1843 | Ossuary  | Entered an ossuary
  2232 | D:4      | Found a stormy altar of Qazlal.
  2241 | D:4      | Became a worshipper of Qazlal Stormbringer
  2278 | D:4      | Found a staircase to the Ecumenical Temple.
  2367 | D:4      | Noticed Eustachio
  2369 | D:4      | Noticed Pikel
  2386 | D:4      | Killed Pikel
  2387 | D:4      | Reached XP level 8. HP: 27/60 MP: 10/12
  2426 | D:4      | Gained mutation: You are covered in fur. (AC +1) [potion of
                  | mutation]
  2426 | D:4      | Gained mutation: Your flesh is cold resistant. (rC+)
                  | [potion of mutation]
  2426 | D:4      | Gained mutation: Your muscles are strong. (Str +4, Int/Dex
                  | -1) [potion of mutation]
  2428 | D:4      | HP: 2/60 [shadow imp[Eustachio] (3)]
  2429 | D:4      | Slain by a quokka

Illustrated notes

Levels and vault maps discovered:
D:1:      roderic_crop_circles_arrival_large, layout_basic
D:2:      layout_basic, minmay_distorted, uniq_robin, uniq_jessica
D:3:      layout_basic, minivault_24, minmay_box_of_dots
D:4:      layout_rooms, nicolae_qazlal_eye_of_the_storm,
          mainiacjoe_overflow_chevrons, minmay_temple_entry_statues_fountains,
          gup_ossuary_entry_pyramid, nicolae_elevator_lobby_asterisk,
          uniq_grinder, uniq_eustachio, uniq_pikel, uniq_duvessa

Skill      XL: |  1  2  3  4  5  6  7 |
---------------+----------------------+-----
Short Blades   | 1 2 3 |  3.2
Long Blades    | 1 2 3 |  3.2
Axes           | 1 2 3 |  3.2
Maces & Flails | 1 2 3 |  3.2
Polearms       | 1 2 3 |  3.2
Staves         | 1 2 3 |  3.2
Ranged Weapons | 1 2 3 |  3.2
Throwing       | 1 2 3 |  3.2
Armour         | 1 2 3 |  3.2
Stealth        | 1 2 3 |  3.2
Shields        | 1 2 3 |  3.2
Spellcasting   | 1 2 3 |  3.2
Invocations    | 1 2 3 |  3.5
Evocations     | 1 2 3 |  3.2
Conjurations   | 1 2 |  2.6
Hexes          | 1 2 |  2.6
Summonings     | 1 2 |  2.6
Necromancy     | 1 2 |  2.6
Translocations | 1 2 |  2.6
Transmutations | 1 2 |  2.6
Fire Magic     | 1 2 |  2.6
Ice Magic      | 1 2 |  2.6
Air Magic      | 1 2 |  2.6
Earth Magic    | 1 2 |  2.6
Poison Magic   | 1 2 |  2.6
Fighting       | 3 4 |  4.1
Dodging        | 5 |  5.6
Unarmed Combat | 7 |  7.3
Shapeshifting  | 7 |  7.1

Action                     |  1- 3 |  4- 6 |  7- 9 || total
---------------------------+-------+-------+-------++-------
  Melee: Unarmed           |    37 |    72 |    98 ||   207
         Bite              |     4 |     6 |    17 ||    27
         Punch             |     2 |     5 |       ||     7
    Use: Scroll            |     1 |       |     9 ||    10
         Potion            |       |       |     6 ||     6
   Stab: Sleeping          |     1 |     1 |     1 ||     3
 Armour: Animal skin       |     1 |       |       ||     1
         Leather armour    |     3 |     6 |    44 ||    53
         Skin              |       |       |    16 ||    16
  Dodge: Dodged            |    18 |    34 |   109 ||   161
   Form: Flux              |       |       |     1 ||     1

Table legend: (Time is in decaauts)
 A = Elapsed time spent in this place.
 B = Non-inter-level travel time spent in this place.
 C = Inter-level travel time spent in this place.
 D = Time resting spent in this place.
 E = Time spent auto-exploring this place.
 F = Levels seen in this place.
 G = Mean time per level.
                   A        B        C        D        E       F      G
               +--------+--------+--------+--------+--------+-----+--------+
         Total |   2400 |   2313 |     87 |      0 |   1753 |   5 |  480.0 |
       Dungeon |   2040 |   1953 |     87 |      0 |   1558 |   4 |  510.0 |
       Ossuary |    360 |    360 |      0 |      0 |    195 |   1 |  360.0 |
               +--------+--------+--------+--------+--------+-----+--------+

Top non-repeatable levels by time:
     D:3: 756 daAuts
     D:1: 693 daAuts
     D:4: 510 daAuts
 Ossuary: 360 daAuts
     D:2: 80 daAuts
